AoeStats
← Malcolm Little

Lombardia

507613810Analyzed
3v3 RM · 13d ago on Sep 19, 2026· 54m 26s· 6 players
Game mode
Random Map
Map size
Normal (6 player)
Population
200
Speed
Normal
Resources
Standard
Victory
Conquest
Starting age
Dark Age
Ending age
Imperial Age
RankedLock teamsTeams togetherTeam positionsShared explorationLock speedFull tech treeHidden civsTurbo modeCheats
Victory
Defeat
🇨🇱 Persians · Chile
1381
+16
🇨🇱 Shu · Chile
1378
+17
🇨🇱 Hindustanis · Chile
1373
+17
🇨🇱 Mongols · Chile
1448
-19
🇩🇴 Vietnamese · Dominican Republic
1394
-17
1332
-14
Leonardo
4:51 Loom
9:20 Feudal Age
15:14 Wheelbarrow
14:33 Fletching
16:22 Double-Bit Axe
19:07 Padded Archer Armor
23:40 Castle Age
23:11 Gold Mining
23:04 Horse Collar
24:17 Bodkin Arrow
23:43 Crossbowman
26:59 Leather Archer Armor
33:36 Imperial Age
33:06 Ballistics
33:17 Bow Saw
34:28 Bracer
35:30 Chemistry
37:27 Hand Cart
37:50 Gold Shaft Mining
37:21 Arbalester
38:58 Masonry
39:21 Thumb Ring
39:56 Ring Archer Armor
39:30 Town Watch
42:14 Two-Man Saw
42:55 Bolt Magazine
43:17 Conscription
42:59 Elite Skirmisher
49:24 Scale Mail Armor
49:35 Forging
49:30 Scale Barding Armor
50:59 Capped Ram
53:42 Siege Ram
Mancodios
5:07 Loom
9:33 Feudal Age
22:17 Castle Age
20:36 Bloodlines
20:54 Horse Collar
21:02 Double-Bit Axe
21:58 Forging
22:51 Husbandry
26:32 Scale Barding Armor
28:59 Chain Barding Armor
29:34 Wheelbarrow
30:35 Hand Cart
37:04 Iron Casting
43:47 Imperial Age
42:57 Gold Mining
43:37 Cavalier
44:59 Plate Barding Armor
44:47 Conscription
46:36 Blast Furnace
45:57 Savar
48:20 Light Cavalry
50:56 Gold Shaft Mining
Gus Dekkers
6:44 Loom
9:22 Feudal Age
12:00 Scale Barding Armor
13:30 Forging
20:53 Castle Age
20:35 Gold Mining
20:33 Double-Bit Axe
21:18 Bloodlines
22:10 Chain Barding Armor
23:45 Husbandry
31:06 Town Watch
32:04 Gold Shaft Mining
31:42 Bow Saw
35:12 Scale Mail Armor
35:48 Iron Casting
38:22 Imperial Age
36:37 Chain Mail Armor
38:41 Fletching
38:41 Elite Ghulam
41:04 Plate Barding Armor
43:27 Blast Furnace
44:49 Conscription
48:18 Light Cavalry
49:15 Grand Trunk Road
50:13 Hussar
51:14 Bodkin Arrow
yinyangwar
8:48 Feudal Age
9:24 Double-Bit Axe
11:09 Horse Collar
11:27 Loom
19:29 Castle Age
19:47 Scale Barding Armor
19:46 Light Cavalry
21:43 Bow Saw
23:08 Heavy Plow
31:09 Town Watch
32:02 Wheelbarrow
32:52 Husbandry
33:25 Gold Mining
37:57 Imperial Age
36:41 Hand Cart
36:59 Fletching
37:10 Padded Archer Armor
37:24 Thumb Ring
38:09 Bodkin Arrow
38:36 Ballistics
39:02 Conscription
38:34 Elite Mangudai
39:56 Parthian Tactics
40:24 Bracer
41:03 Bloodlines
41:21 Leather Archer Armor
41:50 Gold Shaft Mining
42:41 Chemistry
41:17 Elite Skirmisher
41:58 Imperial Skirmisher
44:19 Hussar
48:27 Onager
49:16 Siege Engineers
50:06 Caravan
Malcolm Little
11:04 Feudal Age
15:06 Castle Age
14:56 Fletching
15:41 Padded Archer Armor
15:45 Loom
21:39 Double-Bit Axe
24:21 Bodkin Arrow
28:59 Ballistics
31:32 Bow Saw
31:14 Gold Mining
32:06 Town Watch
35:49 Wheelbarrow
36:02 Leather Archer Armor
38:43 Horse Collar
41:40 Heavy Plow
44:10 Hand Cart
47:21 Imperial Age
47:05 Treadmill Crane
47:03 Elite Skirmisher
48:29 Paper Money
48:13 Bracer
49:15 Chemistry
47:48 Imperial Skirmisher
49:13 Thumb Ring
49:45 Chatras
51:27 Forging
51:49 Ring Archer Armor
51:25 Scale Barding Armor
52:52 Two-Man Saw
52:23 Crop Rotation
54:20 Bloodlines
[zWq]Ferdinand Von Lindemann
7:05 Loom
9:59 Feudal Age
10:36 Double-Bit Axe
10:33 Horse Collar
16:01 Fletching
20:21 Castle Age
19:08 Padded Archer Armor
20:39 Crossbowman
21:15 Bodkin Arrow
21:31 Gold Mining
23:55 Wheelbarrow
23:58 Leather Archer Armor
26:33 Ballistics
30:03 Bow Saw
29:54 Heavy Plow
35:16 Hand Cart
38:36 Imperial Age
38:55 Arbalester
40:21 Bracer
42:13 Chemistry
42:48 Warwolf
43:49 Ring Archer Armor
45:51 Hoardings
46:43 Forging
46:33 Scale Mail Armor
50:37 Squires
50:02 Pikeman
51:23 Iron Casting
51:14 Conscription
51:18 Halberdier
Connection lost

Rejoining the realm…

Still unreachable

The connection could not be restored.

Session expired

The server has moved on; the page needs a fresh start.